 Dungeon Crawl Stone Soup version 0.28.0-45-g0d030f2227 (webtiles) character file.

Game seed: 9840639234432978723

1827 rageheart7 the Skirmisher (level 8, -1/71 HPs)
             Began as a Grey Draconian Conjurer on Apr 15, 2022.
             Slain by a troll (12 damage)
             ... on level 7 of the Dungeon.
             The game lasted 00:12:08 (6260 turns).

rageheart7 the Skirmisher (Grey Draconian Conjurer) Turns: 6260, Time: 00:12:09

Health: -1/71      AC: 15    Str: 15    XL:     8   Next: 86%
Magic:  4/15       EV: 11    Int: 18    God:
Gold:   254        SH:  0    Dex:  6    Spells: 14/17 levels left

rFire   + . .      SeeInvis .   e - +1 quarterstaff
rCold   + . .      Faith    .   (shield currently unavailable)
rNeg    . . .      Spirit   .   (armour unavailable)
rPois   +          Reflect  .   (helmet restricted)
rElec   .          Harm     .   i - scarf {rC+ rF+}
rCorr   .          Rampage  .   l - +2 pair of gloves of Yzatzozeli {Str+3 Dex-4}
Will    .....                   n - +0 pair of boots
Stlth   +.........              (no amulet)
HPRegen 0.21/turn               d - ring of poison resistance
MPRegen 0.14/turn               (no ring)

@: invisible
A: AC +11, amphibious, unfitting armour, cold-blooded
a: no special abilities


You were on level 7 of the Dungeon.
You visited 2 branches of the dungeon, and saw 8 of its levels.

You collected 254 gold pieces.

Inventory:

Hand Weapons
 e - a +1 quarterstaff (weapon)
Armour
 i - a scarf of resistance (worn)
 l - the +2 pair of gloves of Yzatzozeli (worn) {Str+3 Dex-4}
   (You found it on level 4 of the Dungeon)

   Str:       It affects your strength (+3).
   Dex:       It affects your dexterity (-4).
 n - a +0 pair of boots (worn)
Jewellery
 d - a ring of poison resistance (left hand)
Wands
 o - a wand of flame (23)
Scrolls
 b - a scroll of summoning {unknown}
 j - 2 scrolls of blinking
 k - a scroll of fear {unknown}
 r - a scroll of holy word
Potions
 a - a potion of brilliance
 c - 2 potions of haste
 g - a potion of attraction
 h - a potion of curing
 m - a potion of lignification
 q - 2 potions of heal wounds


   Skills:
 + Level 6.9 Fighting
 + Level 6.1 Staves
 - Level 1.7 Dodging
 - Level 1.7 Stealth
 - Level 5.3 Spellcasting
 - Level 4.0 Conjurations
 - Level 5.1 Earth Magic


You had 14 spell levels left.
You knew the following spells:

 Your Spells              Type           Power      Damage    Failure   Level
a - Magic Dart            Conj           76%        1d6       2%          1
b - Searing Ray           Conj           38%        2d5       3%          2

Your spell library contained the following spells:

 Spells                   Type           Power      Damage    Failure   Level
 Dazzling Flash           Conj/Hex       22%        N/A       17%         3
 Summon Guardian Golem    Hex/Summ       4%         N/A       36%         3
 Fulminant Prism          Conj/Hex       5%         3d7       50%         4
 Iskenderun's Mystic Bla  Conj/Tloc      11%        2d4       50%         4
 Orb of Destruction       Conj           9%         9d6       100%        7
 Spellforged Servitor     Conj/Summ      5%         N/A       100%        7


Dungeon Overview and Level Annotations

Branches:
Dungeon (7/15)             Temple (1/1) D:4

Altars:
Ashenzari
Dithmenos
Elyvilon
Hepliaklqana
Kikubaaqudgha
Makhleb
Ru
Sif Muna
Trog
Uskayaw
Vehumet
Wu Jian
Xom
Yredelemnul
Zin
The Shining One
Ignis

Shops:
D:7 =

Annotations:
D:4 2 transporters, Menkaure


Innate Abilities, Weirdness & Mutations

Your dull iron-grey scales are very hard. (AC +11)
You are amphibious.
You cannot fit into any form of body armour.
You are cold-blooded and may be slowed by cold attacks.


Message History

The troll is moderately wounded.
Your Staves skill increases to level 6!
The searing ray hits the troll.
The troll is moderately wounded.
The troll closely misses you. x2; The troll barely misses you.
The searing ray hits the troll.
The troll is moderately wounded.
You finish channelling your searing ray.
The troll bites you but does no damage. The troll claws you.
The troll claws you!
You sock the troll!
Your tail-slap misses the troll.
The troll is heavily wounded.
The troll bites you. The troll claws you. The troll misses you.
You hit the troll.
Your tail-slap misses the troll.
The troll is heavily wounded.
The troll bites you! The troll barely misses you. The troll closely misses you.
You closely miss the troll. You tail-slap the troll.
The troll is heavily wounded.
The troll bites you! The troll barely misses you.
The troll claws you but does no damage.
You fade into invisibility!
The troll bites you but does no damage. The troll claws you but does no damage.
The troll closely misses you.
Casting: Searing Ray (safe; 3% risk of failure)
Confirm with . or Enter, or press ? or * to list all spells.
Aiming: Searing Ray (safe; 3% risk of failure)
Press: ? - help, Shift-Dir - straight line, f - troll
Aim: a troll (moderately wounded, 78% to hit)
The searing ray hits the troll.
The troll is heavily wounded. (Press . to maintain the ray.)
The troll bites you!
* * * LOW HITPOINT WARNING * * *
The troll claws you!
* * * LOW HITPOINT WARNING * * *
The troll closely misses you.
The searing ray hits the troll!
The troll is severely wounded.
The troll bites you!
You die...

##########
##....)...#
#...#####.# #...#
#.### #..O# #T..#
#...# #@#.# ####
#...# #.#.# #.(.
#####..T##
#...###### #...
#§☼.....8#
#........## #...
#####...##
##........## ##...
#...#
#..........###....
#...#
#....(.....##.....
#...#
#..........(..#...
#...#
#...........###...


You could see a troll.

Vanquished Creatures
  Grinder (D:5)
  Prince Ribbit (D:5)
  Sigmund (D:5)
  3 sky beasts
  An ice beast (D:7)
  An ogre (D:7)
  A black bear (D:6)
  A necrophage (D:6)
  A phantom (D:4)
  2 scorpions
  A water moccasin skeleton (D:6)
  3 wights (D:7)
  A jelly (D:4)
  An orc priest (D:5)
  Jessica (D:3)
  Terence (D:2)
  3 orc wizards (D:6)
  6 adders
  2 white imps
  An ufetubus (D:6)
  A worm (D:2)
  3 dart slugs
  7 orcs
  5 ball pythons
  3 bats
  3 endoplasms
  4 giant cockroaches
  6 hobgoblins
  5 jackals
  4 quokkas
  3 frilled lizards (D:1)
  7 goblins
  A jackal skeleton (D:4)
  6 kobolds
  8 rats
99 creatures vanquished.

Notes
Turn   | Place    | Note
-------+----------+-------------------------------------------
     0 | D:1      | rageheart7 the Draconian Conjurer began the quest for the
                  | Orb.
     0 | D:1      | Reached XP level 1. HP: 14/14 MP: 3/3
   264 | D:1      | Reached XP level 2. HP: 22/22 MP: 3/5
   267 | D:1      | Reached skill level 1 in Fighting
   875 | D:1      | Reached XP level 3. HP: 28/28 MP: 5/7
   988 | D:1      | Learned a level 2 spell: Searing Ray
  1643 | D:2      | Noticed Terence
  1654 | D:2      | Killed Terence
  1655 | D:2      | Reached XP level 4. HP: 16/36 MP: 1/9
  1874 | D:2      | Reached skill level 1 in Staves
  2406 | D:3      | Noticed Jessica
  2409 | D:3      | Killed Jessica
  2703 | D:3      | Found a faded altar of an unknown god.
  2872 | D:4      | Noticed a phantom
  2872 | D:4      | Found a transporter.
  2872 | D:4      | Found an ancient bone altar of Kikubaaqudgha.
  2893 | D:4      | Reached XP level 5. HP: 42/42 MP: 3/11
  2951 | D:4      | Noticed a phantom
  2969 | D:4      | Killed a phantom
  3107 | D:4      | Noticed Menkaure
  3329 | D:4      | Reached XP level 6. HP: 43/51 MP: 8/12
  3458 | D:4      | Found a staircase to the Ecumenical Temple.
  3487 | D:4      | Identified the +2 pair of gloves of Yzatzozeli {Str+3
                  | Dex-4}
  3502 | Temple   | Entered the Ecumenical Temple
  3649 | D:4      | Found a transporter.
  3665 | D:4      | Found a basalt altar of Yredelemnul.
  3798 | D:5      | Entered Level 5 of the Dungeon
  3826 | D:5      | Noticed Prince Ribbit
  3836 | D:5      | Killed Prince Ribbit
  3837 | D:5      | Reached skill level 5 in Spellcasting
  3937 | D:5      | Your scales start taking on a dull iron-grey colour.
  3937 | D:5      | Reached XP level 7. HP: 50/58 MP: 11/14
  3982 | D:5      | Found a glowing golden altar of the Shining One.
  4233 | D:5      | Reached skill level 1 in Earth Magic
  4349 | D:5      | Noticed Sigmund
  4360 | D:5      | Killed Sigmund
  4543 | D:5      | Noticed Grinder
  4553 | D:5      | Paralysed by Grinder for 7 turns
  4569 | D:5      | Killed Grinder
  4570 | D:5      | Reached skill level 5 in Fighting
  4975 | D:6      | Reached XP level 8. HP: 68/68 MP: 11/15
  5171 | D:6      | Reached skill level 5 in Staves
  5652 | D:6      | Reached skill level 5 in Earth Magic
  5807 | D:6      | Found a hide-covered altar of Uskayaw.
  5967 | D:7      | Found Dotsequa's Jewellery Boutique.
  6229 | D:7      | Noticed a troll
  6260 | D:7      | Slain by a troll

Illustrated notes

Levels and vault maps discovered:
D:1:      dpeg_arrival_chambers_temple_mockup, layout_rooms, nrook_mini_vaults,
          minmay_liquid_box, minmay_pentomino_z4
D:2:      layout_loops_ring, minmay_close_crescents, uniq_terence
D:3:      layout_rooms, basic_ecumenical_altar, uniq_jessica
D:4:      layout_cave_pools, gammafunk_temple_of_torment,
          minmay_temple_entry_large_hall, minmay_cupped
D:5:      wad_pebble_path, layout_gridville, mainiacjoe_overflow_tiny_flanked,
          uniq_prince_ribbit1, uniq_grinder, uniq_sigmund
D:6:      layout_basic, general_overflow_altar
D:7:      layout_rooms, lemuel_tele_altar, tgw_fedhas, serial_shops, shop,
          nicolae_shop_behind_doors, kennysheep_little_box, shop_statue, shop,
          lemuel_flamethrower_1
Temple:   ebering_untended_altars

Skill      XL: |  1  2  3  4  5  6  7  8 |
---------------+-------------------------+-----
Fighting       | 1 2 3 5 6 |  6.9
Spellcasting   | 3 4 5 |  5.3
Staves         | 1 2 3 4 6 |  6.1
Earth Magic    | 3 5 |  5.1
Dodging        | |  1.7
Stealth        | |  1.7
Conjurations   | |  4.0

Action                   |  1- 3 |  4- 6 |  7- 9 || total
-------------------------+-------+-------+-------++-------
Melee: Unarmed           |    32 |       |       ||    32
       Tailslap          |     7 |    17 |     8 ||    32
       Quarterstaff      |    36 |   107 |    82 ||   225
 Cast: Magic Dart        |    49 |    24 |    51 ||   124
       Searing Ray       |     2 |     9 |    21 ||    32
  Use: Scroll            |       |     7 |     5 ||    12
       Potion            |       |       |     1 ||     1
 Stab: Sleeping          |     2 |     3 |       ||     5
Armor: Skin              |    20 |    42 |    74 ||   136
Dodge: Dodged            |    47 |    75 |    47 ||   169
